PAA
PHOENIX HOTSPUR YOUTH @ CHESAPEAKE CONTINENTALS
08/02/2028
 
TOP OF THE 1ST
Phoenix Hotspur Youth batting - Pitching for Chesapeake Continentals : RHP Pedro Silva
Pitching: RHP Pedro Silva
Batting: RHB David Rivas 0-0: Ball
1-0: Foul Ball, location: 2F
1-1: Ball
2-1: Foul Ball, location: 2F
2-2: Fly out, F8 (Flyball, 8RD)
Batting: RHB Carl Tucker 0-0: Ball
1-0: Foul Ball, location: 2F
1-1: Swinging Strike
1-2: Ball
2-2: Ball
3-2: Base on Balls
Batting: RHB Bernardo Rivera 0-0: Ball
1-0: Ground out 5-3 (Groundball, 5S)
Carl Tucker to second
Batting: RHB Eric Conway 0-0: Ball
1-0: Foul Ball, location: 2F
1-1: Reached on error, E3 (Groundball, 34)
Carl Tucker to third
Batting: RHB Rubén Andrada 0-0: Swinging Strike
0-1: Called Strike
0-2: Foul Ball, location: 2F
0-2: Foul Ball, location: 2F
0-2: Ball
1-2: Fly out, F2 (Popup, 15S)
Top of the 1st over - 0 run(s), 0 hit(s), 1 error(s), 2 left on base; Phoenix Hotspur 0 - Chesapeake 0
BOTTOM OF THE 1ST
Chesapeake Continentals batting - Pitching for Phoenix Hotspur Youth : LHP Ismael Lara
Pitching: LHP Ismael Lara
Batting: RHB Marcos Alfaro 0-0: Called Strike
0-1: SINGLE (Groundball, 6MD)
Batting: RHB Colt Cabana 0-0: Foul Ball, location: 2F
0-1: Ball
1-1: Ball
2-1: Called Strike
2-2: Foul Ball, location: 2F
2-2: DOUBLE (Flyball, 78D)
Marcos Alfaro to third
Runner from 3rd tries for Home, SAFE, no throw
Batting: SHB Eustacio Tafalla 0-0: Called Strike
0-1: Swinging Strike
0-2: Ball
1-2: Ball
2-2: DOUBLE (Flyball, 78D)
Colt Cabana scores
Batting: SHB John Krog 0-0: Called Strike
0-1: Ball
1-1: Ball
2-1: Ground out 6-3 (Groundball, 6)
Batting: RHB Zahid Kashani 0-0: Fly out, F5 (Popup, 5L)
Batting: RHB Juan Chávez 0-0: Called Strike
0-1: Ball
1-1: Swinging Strike
1-2: Strikes out looking
Bottom of the 1st over - 2 run(s), 3 hit(s), 0 error(s), 1 left on base; Phoenix Hotspur 0 - Chesapeake 2
TOP OF THE 2ND
Phoenix Hotspur Youth batting - Pitching for Chesapeake Continentals : RHP Pedro Silva
Batting: LHB António Escalante 0-0: Ball
1-0: Ball
2-0: Ball
3-0: Base on Balls
Batting: RHB Hieronymus Bosch 0-0: Fly out, F8 (Flyball, 8LM)
Batting: RHB Enrico Sánchez 0-0: Called Strike
0-1: SINGLE (Groundball, 56D)
António Escalante to second
Batting: RHB Phillip Mendizabal 0-0: Ball
1-0: Ball
2-0: Foul Ball, location: 2F
2-1: Foul Ball, location: 2F
2-2: Ball
3-2: Fly out, F8 (Flyball, 8RS)
Batting: RHB David Rivas 0-0: Ball
1-0: Ball
2-0: Ball
3-0: Base on Balls
António Escalante to third
Enrico Sánchez to second
Batting: RHB Carl Tucker 0-0: Ball
1-0: Swinging Strike
1-1: Ball
2-1: Foul Ball, location: 2F
2-2: Strikes out swinging
Top of the 2nd over - 0 run(s), 1 hit(s), 0 error(s), 3 left on base; Phoenix Hotspur 0 - Chesapeake 2
BOTTOM OF THE 2ND
Chesapeake Continentals batting - Pitching for Phoenix Hotspur Youth : LHP Ismael Lara
Batting: LHB Ángel Pineda 0-0: Called Strike
0-1: Ball
1-1: Foul Ball, location: 2F
1-2: SINGLE (Groundball, 6D)
Batting: RHB Jouo Hirschovits 0-0: Ball
1-0: Ball
2-0: Called Strike
2-1: Ball
3-1: Base on Balls
Ángel Pineda to second
Batting: RHB Dave Yates 0-0: Ball
1-0: Swinging Strike
1-1: Ball
2-1: Ball
3-1: Base on Balls
Ángel Pineda to third
Jouo Hirschovits to second
Batting: RHB Marcos Alfaro 0-0: Foul Ball, location: 2F
0-1: Ball
1-1: Ball
2-1: Foul Ball, location: 2F
2-2: Grounds into double play, 5-4-3 (Groundball, 5)
Ángel Pineda scores
Jouo Hirschovits to third
Batting: RHB Colt Cabana 0-0: Called Strike
0-1: Foul Ball, location: 2F
0-2: Ball
1-2: DOUBLE (Line Drive, 7LM)
Jouo Hirschovits scores
Batting: SHB Eustacio Tafalla 0-0: Ball
1-0: Called Strike
1-1: Ball
2-1: Fly out, F5 (Line Drive, 56)
Bottom of the 2nd over - 2 run(s), 2 hit(s), 0 error(s), 1 left on base; Phoenix Hotspur 0 - Chesapeake 4
TOP OF THE 3RD
Phoenix Hotspur Youth batting - Pitching for Chesapeake Continentals : RHP Pedro Silva
Batting: RHB Bernardo Rivera 0-0: Ground out 6-3 (Groundball, 6)
Batting: RHB Eric Conway 0-0: Ball
1-0: Ball
2-0: Called Strike
2-1: Ball
3-1: Base on Balls
Batting: RHB Rubén Andrada 0-0: Foul Ball, location: 2F
0-1: Foul Ball, location: 2F
0-2: Ball
1-2: Ball
2-2: 2-RUN HOME RUN (Flyball, 7LD), Distance : 381 ft
Batting: LHB António Escalante 0-0: Called Strike
0-1: Ball
1-1: Foul Ball, location: 2F
1-2: Foul Ball, location: 2F
1-2: Ball
2-2: Ball
3-2: Fly out, F8 (Flyball, 89S)
Batting: RHB Hieronymus Bosch 0-0: Ball
1-0: Foul Ball, location: 2F
1-1: Ball
2-1: Ball
3-1: SINGLE (Groundball, 6D)
Batting: RHB Enrico Sánchez 0-0: Swinging Strike
0-1: Called Strike
0-2: Ball
1-2: Foul Ball, location: 2F
1-2: Foul Ball, location: 2F
1-2: Ball
2-2: Strikes out swinging
Top of the 3rd over - 2 run(s), 2 hit(s), 0 error(s), 1 left on base; Phoenix Hotspur 2 - Chesapeake 4
BOTTOM OF THE 3RD
Chesapeake Continentals batting - Pitching for Phoenix Hotspur Youth : LHP Ismael Lara
Batting: SHB John Krog 0-0: Swinging Strike
0-1: Ball
1-1: Foul Ball, location: 2F
1-2: Strikes out swinging
Batting: RHB Zahid Kashani 0-0: Foul Ball, location: 2F
0-1: Fly out, F7 (Flyball, 7LS)
Batting: RHB Juan Chávez 0-0: Called Strike
0-1: Ball
1-1: Called Strike
1-2: Ball
2-2: Strikes out swinging
Bottom of the 3rd over - 0 run(s), 0 hit(s), 0 error(s), 0 left on base; Phoenix Hotspur 2 - Chesapeake 4
TOP OF THE 4TH
Phoenix Hotspur Youth batting - Pitching for Chesapeake Continentals : RHP Pedro Silva
Batting: RHB Phillip Mendizabal 0-0: Ball
1-0: Foul Ball, location: 2F
1-1: Called Strike
1-2: Fly out, F9 (Flyball, 89S)
Batting: RHB David Rivas 0-0: Ball
1-0: Fly out, F7 (Line Drive, 78M)
Batting: RHB Carl Tucker 0-0: Called Strike
0-1: Ball
1-1: Swinging Strike
1-2: Strikes out looking
Top of the 4th over - 0 run(s), 0 hit(s), 0 error(s), 0 left on base; Phoenix Hotspur 2 - Chesapeake 4
BOTTOM OF THE 4TH
Chesapeake Continentals batting - Pitching for Phoenix Hotspur Youth : LHP Ismael Lara
Batting: LHB Ángel Pineda 0-0: Ball
1-0: Ball
2-0: Ball
3-0: Called Strike
3-1: Called Strike
3-2: Ground out U3 (Groundball, 34)
Batting: RHB Jouo Hirschovits 0-0: Called Strike
0-1: Ball
1-1: Called Strike
1-2: SINGLE (Line Drive, 5D)
Batting: RHB Dave Yates 0-0: Ball
1-0: Foul Ball, location: 2F
1-1: Ball
2-1: Ball
3-1: Base on Balls
Jouo Hirschovits to second
Batting: RHB Marcos Alfaro 0-0: Fly out, F8 (Line Drive, 8LM)
Batting: RHB Colt Cabana 0-0: Called Strike
0-1: Ball
1-1: Ball
2-1: Fielders Choice at 2nd, 6-4 (Groundball, 6)
Bottom of the 4th over - 0 run(s), 1 hit(s), 0 error(s), 1 left on base; Phoenix Hotspur 2 - Chesapeake 4
TOP OF THE 5TH
Phoenix Hotspur Youth batting - Pitching for Chesapeake Continentals : RHP Pedro Silva
Batting: RHB Bernardo Rivera 0-0: Called Strike
0-1: Ball
1-1: Ball
2-1: Foul Ball, location: 2F
2-2: Ball
3-2: Base on Balls
Batting: RHB Eric Conway 0-0: Called Strike
0-1: Fly out, F8 (Flyball, 78M)
Batting: RHB Rubén Andrada 0-0: Ball
1-0: Ball
2-0: Ball
3-0: Base on Balls
Bernardo Rivera to second
Batting: LHB António Escalante 0-0: Called Strike
0-1: Ball
1-1: Swinging Strike
1-2: Ball
2-2: Fly out, F8 (Line Drive, 8RM)
Pitching: RHP Eddie Schmitt
Batting: RHB Hieronymus Bosch 0-0: Called Strike
0-1: Ball
1-1: SINGLE (Line Drive, 8LS)
Bernardo Rivera to third
Rubén Andrada to second
Runner from 3rd tries for Home, SAFE, no throw
Batting: RHB Enrico Sánchez 0-0: Ball
1-0: DOUBLE (Flyball, 89XD)
Rubén Andrada scores
Hieronymus Bosch to third
Batting: RHB Phillip Mendizabal 0-0: Called Strike
0-1: Foul Ball, location: 2F
0-2: Ball
1-2: Ball
2-2: Foul Ball, location: 2F
2-2: Foul Ball, location: 2F
2-2: SINGLE (Line Drive, 6M)
Hieronymus Bosch scores
Enrico Sánchez to third
Batting: RHB David Rivas 0-0: Called Strike
0-1: Ball
1-1: Swinging Strike
1-2: Foul Ball, location: 2F
1-2: Foul Ball, location: 2F
1-2: Strikes out swinging
Top of the 5th over - 3 run(s), 3 hit(s), 0 error(s), 2 left on base; Phoenix Hotspur 5 - Chesapeake 4
BOTTOM OF THE 5TH
Chesapeake Continentals batting - Pitching for Phoenix Hotspur Youth : LHP Ismael Lara
Batting: SHB Eustacio Tafalla 0-0: SINGLE (Line Drive, 6D)
Batting: SHB John Krog 0-0: Called Strike
0-1: Ball
1-1: Swinging Strike
1-2: Foul Ball, location: 2F
1-2: Ball
2-2: Strikes out swinging
Batting: RHB Zahid Kashani 0-0: Called Strike
0-1: Ball
1-1: Fly out, F8 (Line Drive, 8LM)
Batting: RHB Juan Chávez 0-0: Ball
1-0: Swinging Strike
1-1: Ball
2-1: SINGLE (Flyball, 9LM)
Eustacio Tafalla to second
Runner from 2nd tries for 3rd, SAFE, throw made to third
Batting: LHB Ángel Pineda Pickoff Throw to First - Out!
Bottom of the 5th over - 0 run(s), 2 hit(s), 0 error(s), 0 left on base; Phoenix Hotspur 5 - Chesapeake 4
TOP OF THE 6TH
Phoenix Hotspur Youth batting - Pitching for Chesapeake Continentals : RHP Eddie Schmitt
Batting: RHB Carl Tucker 0-0: Called Strike
0-1: Fly out, F3 (Popup, 3S)
Batting: RHB Bernardo Rivera 0-0: Fly out, F9 (Line Drive, 9LM)
Batting: RHB Eric Conway 0-0: Called Strike
0-1: Foul Ball, location: 2F
0-2: Ball
1-2: Strikes out looking
Top of the 6th over - 0 run(s), 0 hit(s), 0 error(s), 0 left on base; Phoenix Hotspur 5 - Chesapeake 4
BOTTOM OF THE 6TH
Chesapeake Continentals batting - Pitching for Phoenix Hotspur Youth : LHP Ismael Lara
Batting: LHB Ángel Pineda 0-0: Ball
1-0: Foul Ball, location: 2F
1-1: SINGLE (Line Drive, 6M)
Batting: RHB Jouo Hirschovits 0-0: Bunted foul
0-1: Ball
1-1: Bunt missed!
1-2: Foul Ball, location: 2F
1-2: Foul Ball, location: 2F
1-2: DOUBLE (Line Drive, 8RXD)
Ángel Pineda to third
Batting: RHB Dave Yates 0-0: Called Strike
0-1: Ball
1-1: Ground out 6-3 (Groundball, 6)
Batting: RHB Marcos Alfaro 0-0: Swinging Strike
0-1: SINGLE (Groundball, 6MD)
Ángel Pineda scores
Jouo Hirschovits to third
Runner from 3rd tries for Home, SAFE, no throw
Pitching: RHP Vernon Turner
Batting: RHB Colt Cabana 0-0: Ball
Marcos Alfaro steals 2nd base
1-0: Foul Ball, location: 2F
1-1: Ball
2-1: Ball
3-1: Foul Ball, location: 2F
3-2: Ground out 5-3 (Groundball, 5)
Batting: SHB Eustacio Tafalla 0-0: Called Strike
0-1: Ball
1-1: Foul Ball, location: 2F
1-2: DOUBLE (Line Drive, 7LS)
Marcos Alfaro scores
Batting: SHB John Krog 0-0: Called Strike
0-1: Ball
1-1: Foul Ball, location: 2F
1-2: Ball
2-2: SINGLE (Line Drive, 89M)
Eustacio Tafalla to third
Runner from 3rd tries for Home, SAFE, no throw
Batting: RHB Zahid Kashani 0-0: Fly out, F6 (Popup, 6D)
Bottom of the 6th over - 4 run(s), 5 hit(s), 0 error(s), 1 left on base; Phoenix Hotspur 5 - Chesapeake 8
TOP OF THE 7TH
Phoenix Hotspur Youth batting - Pitching for Chesapeake Continentals : RHP Eddie Schmitt
Batting: RHB Rubén Andrada 0-0: Ground out 4-3 (Groundball, 4)
Batting: LHB António Escalante 0-0: Foul Ball, location: 2F
0-1: Swinging Strike
0-2: Foul Ball, location: 2F
0-2: Ball
1-2: Ball
2-2: Strikes out swinging
Batting: RHB Hieronymus Bosch 0-0: Called Strike
0-1: Swinging Strike
0-2: Foul Ball, location: 2F
0-2: Foul Ball, location: 2F
0-2: Strikes out looking
Top of the 7th over - 0 run(s), 0 hit(s), 0 error(s), 0 left on base; Phoenix Hotspur 5 - Chesapeake 8
BOTTOM OF THE 7TH
Chesapeake Continentals batting - Pitching for Phoenix Hotspur Youth : RHP Vernon Turner
Batting: RHB Juan Chávez 0-0: Ball
1-0: Ball
2-0: Foul Ball, location: 2F
2-1: Swinging Strike
2-2: Foul Ball, location: 2F
2-2: SINGLE (Groundball, 34D)
Batting: LHB Ángel Pineda 0-0: Called Strike
Juan Chávez is caught stealing 2nd base
0-1: Ball
1-1: Foul Ball, location: 2F
1-2: Strikes out looking
Batting: RHB Jouo Hirschovits 0-0: Foul Ball, location: 2F
0-1: Foul Ball, location: 2F
0-2: Foul Ball, location: 2F
0-2: Ball
1-2: DOUBLE (Line Drive, 9LS)
Batting: RHB Dave Yates 0-0: Called Strike
0-1: Swinging Strike
0-2: Ball
1-2: Foul Ball, location: 2F
1-2: Strikes out swinging
Bottom of the 7th over - 0 run(s), 2 hit(s), 0 error(s), 1 left on base; Phoenix Hotspur 5 - Chesapeake 8
TOP OF THE 8TH
Phoenix Hotspur Youth batting - Pitching for Chesapeake Continentals : RHP Eddie Schmitt
Batting: RHB Enrico Sánchez 0-0: Ball
1-0: Called Strike
1-1: Ball
2-1: Called Strike
2-2: Strikes out swinging
Batting: RHB Phillip Mendizabal 0-0: Called Strike
0-1: Foul Ball, location: 2F
0-2: Foul Ball, location: 2F
0-2: Ball
1-2: Ball
2-2: Ball
3-2: Base on Balls
Pitching: RHP Jesús Colón
Batting: RHB David Rivas 0-0: Called Strike
0-1: Swinging Strike
0-2: Ball
1-2: Strikes out swinging
Batting: RHB Carl Tucker 0-0: Called Strike
0-1: Swinging Strike
0-2: Ball
1-2: Fly out, F9 (Flyball, 9LMF)
Top of the 8th over - 0 run(s), 0 hit(s), 0 error(s), 1 left on base; Phoenix Hotspur 5 - Chesapeake 8
BOTTOM OF THE 8TH
Chesapeake Continentals batting - Pitching for Phoenix Hotspur Youth : RHP Vernon Turner
Batting: RHB Marcos Alfaro 0-0: Called Strike
0-1: Fly out, F7 (Flyball, 7LM)
Batting: RHB Colt Cabana 0-0: Foul Ball, location: 2F
0-1: Ball
1-1: Foul Ball, location: 2F
1-2: Strikes out swinging
Batting: SHB Eustacio Tafalla 0-0: Ball
1-0: Ball
2-0: Ball
3-0: Called Strike
3-1: Ground out U3 (Groundball, 34)
Bottom of the 8th over - 0 run(s), 0 hit(s), 0 error(s), 0 left on base; Phoenix Hotspur 5 - Chesapeake 8
TOP OF THE 9TH
Phoenix Hotspur Youth batting - Pitching for Chesapeake Continentals : RHP Jesús Colón
Pitching: RHP Anthony Ledesma
Batting: RHB Bernardo Rivera 0-0: Foul Ball, location: 2F
0-1: Called Strike
0-2: Ball
1-2: Foul Ball, location: 2F
1-2: Ball
2-2: Fly out, F8 (Line Drive, 8LM)
Batting: RHB Eric Conway 0-0: Swinging Strike
0-1: Foul Ball, location: 2F
0-2: Strikes out swinging
Batting: RHB Rubén Andrada 0-0: Ball
1-0: Ball
2-0: Called Strike
2-1: Called Strike
2-2: SINGLE (Flyball, 8LS)
Batting: LHB António Escalante 0-0: Ball
1-0: Ball
2-0: Called Strike
2-1: Ball
3-1: Base on Balls
Rubén Andrada to second
Batting: RHB Hieronymus Bosch 0-0: Foul Ball, location: 2F
0-1: Ball
1-1: Swinging Strike
1-2: Foul Ball, location: 2F
1-2: Strikes out looking
Top of the 9th over - 0 run(s), 1 hit(s), 0 error(s), 2 left on base; Phoenix Hotspur 5 - Chesapeake 8
Tuesday, August 22nd, 2017 - OOTP Baseball 17.12 Build 75